 Dungeon Crawl Stone Soup version 0.29.0-4-gdea44cf6ec (webtiles) character file.

Game seed: 1889386401166592039

50358 qw the Severer (level 14, -10/193 HPs)
             Began as a Minotaur Berserker on Sept 10, 2022.
             Was an Elder of Trog.
             Mangled by a komodo dragon (14 damage)
             ... on level 5 of the Lair of Beasts.
             The game lasted 00:04:52 (16971 turns).

qw the Severer (Minotaur Berserker)                Turns: 16971, Time: 00:04:53

Health: -10/193    AC: 17    Str: 33    XL:     14   Next: 19%
Magic:  0/13       EV: 10    Int:  4    God:    Trog [****..]
Gold:   1158       SH: 13    Dex: 14    Spells: 13/13 levels left

rFire   . . .      SeeInvis +   f - +0 war axe (drain)
rCold   . . .      Faith    .   e - +0 kite shield
rNeg    . . .      Spirit   +   g - +0 plate armour {rPois}
rPois   +          Reflect  .   (helmet restricted)
rElec   .          Harm     .   m - +1 cloak "Myetsi Amuo" {Dex+4}
rCorr   .          Rampage  .   (no gloves)
Will    +....                   (no boots)
Stlth   ..........              a - amulet of guardian spirit
HPRegen 0.42/turn               o - +6 ring of strength
MPRegen 0.13/turn               s - ring of see invisible

@: berserking (expiring), very quick
A: horns 2, retaliatory headbutt
a: Renounce Religion, Berserk, Trog's Hand, Brothers in Arms


You were on level 5 of the Lair of Beasts.
You worshipped Trog.
Trog was greatly pleased with you.
You visited 2 branches of the dungeon, and saw 13 of its levels.
You also visited: Ossuary.

You collected 1158 gold pieces.


Innate Abilities, Weirdness & Mutations

You have a pair of horns on your head.
You reflexively headbutt those who attack you in melee.


   Skills:
 + Level 13.3 Fighting
 - Level 16.0 Axes
 - Level 2.9 Throwing
 - Level 11.2 Armour
 - Level 7.1 Dodging
 - Level 14.8 Shields


You had 13 spell levels left.
You didn't know any spells.
Your spell library was empty.

Inventory:

Hand Weapons
 f - a +0 war axe of draining (weapon)
 j - a +0 flail
Armour
 e - a +0 kite shield (worn)
 g - a +0 plate armour of poison resistance (worn)
 m - the +1 cloak "Myetsi Amuo" (worn) {Dex+4}
   (You acquired it on level 5 of the Dungeon)

   Dex:       It affects your dexterity (+4).
Jewellery
 a - an amulet of guardian spirit (around neck)
 n - a +6 ring of dexterity
 o - a +6 ring of strength (left hand)
 s - a ring of see invisible (right hand)
Scrolls
 d - a scroll of identify
 k - 2 scrolls of teleportation
Potions
 b - 3 potions of might
 c - 11 potions of curing
 i - a potion of mutation
 l - 2 potions of resistance
 t - a potion of haste

Dungeon Overview and Level Annotations

Branches:
Dungeon (8/15)             Temple (0/1) D:7            Lair (5/5) D:8
  Swamp (0/4) Lair:3        Snake (0/4) Lair:3        Slime (0/5) Lair:5
Ossuary (visited)

Altars:
Ashenzari
Dithmenos
Elyvilon
Okawaru
Qazlal
Ru
Trog
Uskayaw
Vehumet
Xom
Zin
Jiyva

Portals:
Abyss: D:8

Annotations:
D:3 1 runed translucent door, Crazy Yiuf
D:4 1 runed translucent door, qw's ghost, amateur MiFi
D:8 2 transporters, qw's ghost, novice GrFi


Message History

You hear a loud, deep croak!
Enter note: You slash the blink frog!
You drain the blink frog. You headbutt the blink frog!
You kill the blink frog!
Trog accepts your kill.
The blink frog blinks!
You slice the blink frog!! You drain the blink frog!
Your headbutt misses the blink frog.
The blink frog is almost dead.
The blink frog blinks!
You block the blink frog's attack.
The blink frog blinks!
You slice the blink frog!!
You feel the power of Trog in you as your rage grows.
You kill the blink frog!
Trog accepts your kill.
A cane toad comes into view.
A cane toad and a komodo dragon come into view.
The cane toad croaks.
You hear a loud, deep croak!
A vampire mosquito comes into view.
The komodo dragon moves out of view.
You feel a strong urge to attack something.
You slash the cane toad! You headbutt the cane toad!
The cane toad is severely wounded.
You slash the plant!
The plant begins to die.
You slice the plant!!
The plant begins to die.
You slice the cane toad!!
You kill the cane toad!
Trog accepts your kill.
You hit the plant. You drain the plant. You closely miss the cane toad.
You slice the plant!!
A bullfrog comes into view.
The bullfrog croaks.
You hit the cane toad. You drain the cane toad.
The cane toad is moderately wounded.
You completely miss the plant. You slash the plant!
The cane toad closely misses you. You furiously retaliate!
You headbutt the cane toad!!
You kill the cane toad!
Trog accepts your kill. The komodo dragon bites you!
You die...

##.....~~~~
..##.....P~~~
..#.#..F.P~~##
.........~.~~P#
#.P........~~~#~
P##.....y.P.P~~~~
......#.lP..[~~~~
._....##%@PP~~~~~
.>..F.....F~~.~~P
......=..P....~~~
#.)...%...F.~.~~~
#.###..%.......P~
#.#..P...PP~~
##|...#.....~
##.......P~~
..##.......


You could see a komodo dragon, a cane toad, 2 blink frogs, a vampire mosquito
and a bullfrog.

Vanquished Creatures
  2 hydras
  10 death yaks
  Pikel (D:7)
  3 elephants (Lair:2)
  Joseph (D:8)
  4 black mambas
  Maggie (Lair:2)
  Psyche (D:8)
  13 cane toads
  3 komodo dragons
  2 rime drakes
  A hornet (D:8)
  3 polar bears
  10 blink frogs
  Sigmund (D:5)
  32 yaks
  4 basilisks
  2 wyverns
  3 steam dragons
  8 vampire mosquitoes
  3 nagas (Lair:3)
  7 water moccasins
  Duvessa (D:5)
  3 orc warriors
  2 ice beasts
  A sky beast (D:7)
  A black bear (D:4)
  9 wolves
  3 lemures (D:7)
  2 phantoms (D:5)
  2 kobold brigands
  21 bullfrogs
  A necrophage (D:5)
  6 scorpions
  Dowan (D:5)
  4 killer bees (D:7)
  2 electric eels (Lair:3)
  3 howler monkeys (D:7)
  4 jellies
  2 hounds (D:5)
  2 orc priests
  Jessica (D:3)
  2 iguanas
  13 orc wizards
  Terence (D:3)
  8 mummies (Ossuary)
  6 adders
  A shadow imp (D:6)
  An ufetubus (D:6)
  4 worms
  A dart slug (D:1)
  18 orcs
  6 bats
  3 endoplasms
  A giant cockroach (D:1)
  5 goblins
  5 hobgoblins
  5 jackals (D:2)
  5 quokkas
  6 ball pythons
  A gnoll zombie (Ossuary)
  13 kobolds
  A kobold zombie (Ossuary)
  6 orc zombies (Ossuary)
  3 rats
301 creatures vanquished.

Vanquished Creatures (collateral kills)
  A hydra (Lair:3)
  2 cane toads (Lair:5)
  3 blink frogs
  A wolf (Lair:3)
  2 electric eels (Lair:5)
9 creatures vanquished.

Vanquished Creatures (others)
  A kobold (D:7)
  47 fungi
  62 plants
110 creatures vanquished.

Grand Total: 420 creatures vanquished

Notes
Turn   | Place    | Note
-------+----------+-------------------------------------------
     0 | D:1      | qw the Minotaur Berserker began the quest for the Orb.
     0 | D:1      | Reached XP level 1. HP: 19/19 MP: 0/0
     0 | D:1      | 0 ||| qw: Version: 0.1-a-116-g5d60599
     0 | D:1      | 0 ||| qw: Game counter: 7553
     0 | D:1      | 0 ||| qw: Always use a shield: true
     0 | D:1      | 0 ||| qw: Do Orc after D:15 true
     0 | D:1      | 0 ||| qw: Do second Lair branch before Depths: true
     0 | D:1      | 0 ||| qw: Lair rune preference: random
     0 | D:1      | 0 ||| qw: Plans: Normal
     0 | D:1      | 0 ||| PLANNING D:1-11
   137 | D:1      | 137 ||| SWAPPING to +0 war axe.
   216 | D:1      | 216 ||| DROPPING +0 hand axe.
   249 | D:1      | Reached skill level 4 in Axes
   488 | D:1      | Reached XP level 2. HP: 25/26 MP: 1/1
   567 | D:1      | Found a faded altar of an unknown god.
   576 | D:1      | 576 ||| DROPPING +0 club.
  1102 | D:1      | 1102 ||| UPGRADING to +0 leather armour.
  1112 | D:1      | 1112 ||| DROPPING +0 animal skin.
  1113 | D:1      | 1113 ||| READING scroll labelled KUEV ICHEEP.
  1114 | D:1      | 1114 ||| READING scroll labelled MALAK HENAPN.
  1115 | D:1      | 1115 ||| DRINKING 5 black potions.
  1116 | D:1      | 1116 ||| DRINKING 2 pink potions.
  1217 | D:1      | 1217 ||| DROPPING potion of ambrosia.
  1290 | D:2      | 1290 ||| INVOKING Berserk.
  1480 | D:2      | 1480 ||| INVOKING Berserk.
  1665 | D:2      | Reached skill level 5 in Axes
  1707 | D:2      | 1707 ||| Stepping ~*~*~tactically~*~*~ (stealth).
  1713 | D:2      | 1713 ||| Stepping ~*~*~tactically~*~*~ (stealth).
  1721 | D:2      | Reached XP level 3. HP: 31/31 MP: 2/2
  1752 | D:2      | 1752 ||| Stepping ~*~*~tactically~*~*~ (stealth).
  1850 | D:2      | Found an iron altar of Okawaru.
  2022 | D:2      | Reached ** piety under Trog
  2050 | D:2      | 2050 ||| READING 3 scrolls labelled LEWNOSTR QUFFOE.
  2051 | D:2      | 2051 ||| READING scroll labelled FIKOTW RALO.
  2052 | D:2      | 2052 ||| READING scroll labelled IMPAUGG ROAKHI.
  2053 | D:2      | 2053 ||| DRINKING 2 orange potions.
  2054 | D:2      | 2054 ||| READING 2 scrolls of identify.
  2054 | D:2      | 2054 ||| IDENTIFYING murky amethyst potion
  2055 | D:2      | 2055 ||| DROPPING potion of lignification.
  2056 | D:2      | 2056 ||| DROPPING potion of flight.
  2079 | D:3      | 2079 ||| STAIRDANCE
  2086 | D:2      | 2086 ||| UPGRADING to +0 chain mail.
  2096 | D:2      | 2096 ||| DROPPING +0 leather armour.
  2101 | D:3      | 2101 ||| STAIRDANCE
  2241 | D:3      | Noticed Terence
  2243 | D:3      | 2243 ||| INVOKING Berserk.
  2244 | D:3      | Killed Terence
  2245 | D:3      | Reached skill level 1 in Throwing
  2375 | D:3      | Reached XP level 4. HP: 38/39 MP: 3/3
  2447 | D:3      | Found a broken altar of Ashenzari.
  2451 | D:3      | Noticed Jessica
  2454 | D:3      | 2454 ||| Stepping ~*~*~tactically~*~*~ (hiding).
  2460 | D:3      | Killed Jessica
  2461 | D:3      | Reached skill level 6 in Axes
  2584 | D:3      | 2584 ||| Stepping ~*~*~tactically~*~*~ (stealth).
  2667 | D:3      | Found a runed translucent door.
  2668 | D:3      | Noticed Crazy Yiuf
  3222 | D:3      | 3222 ||| UPGRADING to +0 kite shield.
  3227 | D:3      | 3227 ||| DRINKING 2 grey potions.
  3228 | D:3      | 3228 ||| READING 3 scrolls of identify.
  3228 | D:3      | 3228 ||| IDENTIFYING glowing amethyst potion
  3229 | D:3      | 3229 ||| READING 2 scrolls of identify.
  3229 | D:3      | 3229 ||| IDENTIFYING bubbling red potion
  3230 | D:3      | 3230 ||| DROPPING potion of attraction.
  3318 | D:4      | 3318 ||| PLANNING OSSUARY
  3391 | D:4      | 3391 ||| Stepping ~*~*~tactically~*~*~ (stealth).
  3397 | D:4      | 3397 ||| Stepping ~*~*~tactically~*~*~ (stealth).
  3401 | D:4      | Noticed a black bear
  3402 | D:4      | Reached skill level 1 in Shields
  3405 | D:4      | 3405 ||| FLEEEEING.
  3414 | D:4      | 3414 ||| INVOKING Berserk.
  3416 | D:4      | Reached XP level 5. HP: 45/45 MP: 4/4
  3419 | D:4      | Killed a black bear
  3420 | D:4      | Reached skill level 3 in Shields
  3425 | D:4      | 3425 ||| DRINKING 5 potions of curing.
  3425 | D:4      | 3425 ||| (to cure confusion)
  3441 | D:4      | 3441 ||| Stepping ~*~*~tactically~*~*~ (stealth).
  3485 | D:4      | 3485 ||| DROPPING +0 mace.
  3535 | D:4      | Found a sand-covered staircase.
  3536 | D:4      | 3536 ||| DRINKING 2 glowing yellow potions.
  3537 | D:4      | 3537 ||| DROPPING potion of degeneration.
  3544 | Ossuary  | Entered an ossuary
  3559 | Ossuary  | Reached XP level 6. HP: 51/51 MP: 5/5
  3564 | Ossuary  | 3564 ||| INVOKING Berserk.
  3871 | Ossuary  | 3871 ||| INVOKING Berserk.
  4266 | Ossuary  | 4266 ||| READING 5 scrolls labelled KUQIRI IMYURA.
  4286 | D:4      | 4286 ||| PLANNING D:1-11
  4479 | D:4      | Found an iron altar of Okawaru.
  4519 | D:4      | Found a radiant altar of Vehumet.
  4584 | D:4      | Found a runed translucent door.
  4600 | D:4      | Noticed qw's ghost (amateur MiFi)
  4751 | D:4      | 4751 ||| UPGRADING to +6 ring of strength.
  4752 | D:4      | 4752 ||| DRINKING 2 sapphire potions.
  5256 | D:4      | Reached skill level 7 in Axes
  5335 | D:5      | Entered Level 5 of the Dungeon
  5343 | D:5      | 5343 ||| FLEEEEING.
  5346 | D:5      | 5346 ||| FLEEEEING.
  5347 | D:5      | 5347 ||| FLEEEEING.
  5348 | D:5      | 5348 ||| STAIRDANCE
  5452 | D:5      | 5452 ||| INVOKING Berserk.
  5460 | D:5      | 5460 ||| STAIRDANCE
  5570 | D:5      | Reached XP level 7. HP: 59/59 MP: 6/6
  5570 | D:5      | 5570 ||| Stepping ~*~*~tactically~*~*~ (stealth).
  5572 | D:5      | 5572 ||| STAIRDANCE
  5584 | D:5      | Noticed Sigmund
  5585 | D:5      | 5585 ||| Stepping ~*~*~tactically~*~*~ (stealth).
  5586 | D:5      | 5586 ||| Stepping ~*~*~tactically~*~*~ (stealth).
  5590 | D:5      | Reached skill level 8 in Axes
  5617 | D:5      | 5617 ||| Stepping ~*~*~tactically~*~*~ (stealth).
  5644 | D:5      | Found a shadowy altar of Dithmenos.
  5647 | D:5      | 5647 ||| Stepping ~*~*~tactically~*~*~ (hiding).
  5649 | D:5      | 5649 ||| Stepping ~*~*~tactically~*~*~ (hiding).
  5652 | D:5      | 5652 ||| INVOKING Berserk.
  5652 | D:5      | Paralysed by Sigmund for 4 turns
  5658 | D:5      | Killed Sigmund
  5659 | D:5      | Reached skill level 6 in Shields
  5675 | D:5      | 5675 ||| Stepping ~*~*~tactically~*~*~ (stealth).
  6013 | D:5      | 6013 ||| INVOKING Berserk.
  6015 | D:5      | Reached XP level 8. HP: 66/66 MP: 7/7
  6215 | D:5      | Noticed Duvessa
  6215 | D:5      | Noticed Dowan
  6216 | D:5      | 6216 ||| INVOKING Berserk.
  6219 | D:5      | Killed Duvessa
  6220 | D:5      | Reached skill level 9 in Axes
  6226 | D:5      | Killed Dowan
  6478 | D:5      | 6478 ||| UPGRADING to ring of see invisible.
  6479 | D:5      | 6479 ||| READING scroll labelled POZI JYTOMM.
  6479 | D:5      | Identified a scroll of acquirement
  6479 | D:5      | 6479 ||| ACQUIRING +1 cloak "Myetsi Amuo" {Dex+4}
  6479 | D:5      | Acquired the +1 cloak "Myetsi Amuo" {Dex+4}
  6481 | D:5      | 6481 ||| UPGRADING to +1 cloak "Myetsi Amuo" {Dex+4}.
  6486 | D:5      | 6486 ||| READING scroll labelled DEAGEN BEIT.
  6487 | D:5      | 6487 ||| READING 4 scrolls of identify.
  6487 | D:5      | 6487 ||| IDENTIFYING fizzy sapphire potion
  6488 | D:5      | 6488 ||| READING 3 scrolls of identify.
  6488 | D:5      | 6488 ||| IDENTIFYING fizzy emerald potion
  6489 | D:5      | 6489 ||| READING 2 scrolls of identify.
  6489 | D:5      | 6489 ||| IDENTIFYING metallic black potion
  6490 | D:5      | 6490 ||| DROPPING potion of brilliance.
  6530 | D:6      | Reached skill level 3 in Armour
  6549 | D:6      | 6549 ||| Stepping ~*~*~tactically~*~*~ (hiding).
  6558 | D:6      | 6558 ||| DRINKING 8 potions of curing.
  6558 | D:6      | 6558 ||| (to cure confusion)
  6588 | D:6      | 6588 ||| FLEEEEING.
  6589 | D:6      | 6589 ||| STAIRDANCE
  6661 | D:6      | 6661 ||| INVOKING Berserk.
  6765 | D:6      | 6765 ||| Stepping ~*~*~tactically~*~*~ (stealth).
  6842 | D:6      | Reached skill level 10 in Axes
  6847 | D:6      | 6847 ||| Stepping ~*~*~tactically~*~*~ (hiding).
  6850 | D:6      | 6850 ||| Stepping ~*~*~tactically~*~*~ (hiding).
  6997 | D:6      | 6997 ||| INVOKING Berserk.
  7004 | D:6      | Reached skill level 6 in Fighting
  7233 | D:6      | 7233 ||| Stepping ~*~*~tactically~*~*~ (hiding).
  7234 | D:6      | 7234 ||| Stepping ~*~*~tactically~*~*~ (hiding).
  7239 | D:6      | 7239 ||| DRINKING 7 potions of curing.
  7239 | D:6      | 7239 ||| (to cure confusion)
  7241 | D:6      | Reached *** piety under Trog
  7242 | D:6      | 7242 ||| Stepping ~*~*~tactically~*~*~ (stealth).
  7253 | D:6      | 7253 ||| Stepping ~*~*~tactically~*~*~ (hiding).
  7256 | D:6      | 7256 ||| Stepping ~*~*~tactically~*~*~ (hiding).
  7260 | D:6      | Reached XP level 9. HP: 75/75 MP: 8/8
  7380 | D:6      | 7380 ||| Stepping ~*~*~tactically~*~*~ (hiding).
  7381 | D:6      | 7381 ||| Stepping ~*~*~tactically~*~*~ (hiding).
  7382 | D:6      | 7382 ||| Stepping ~*~*~tactically~*~*~ (hiding).
  7384 | D:6      | 7384 ||| Stepping ~*~*~tactically~*~*~ (hiding).
  7385 | D:6      | 7385 ||| Stepping ~*~*~tactically~*~*~ (hiding).
  7440 | D:6      | 7440 ||| Stepping ~*~*~tactically~*~*~ (hiding).
  7441 | D:6      | 7441 ||| Stepping ~*~*~tactically~*~*~ (hiding).
  7444 | D:6      | 7444 ||| INVOKING Berserk.
  7449 | D:6      | Reached skill level 11 in Axes
  7882 | D:6      | 7882 ||| UPGRADING to +0 plate armour.
  7892 | D:6      | 7892 ||| DROPPING +0 chain mail.
  7921 | D:7      | Found a hide-covered altar of Uskayaw.
  7922 | D:7      | Noticed Pikel
  7923 | D:7      | 7923 ||| Stepping ~*~*~tactically~*~*~ (stealth).
  7924 | D:7      | 7924 ||| Stepping ~*~*~tactically~*~*~ (stealth).
  7925 | D:7      | 7925 ||| Stepping ~*~*~tactically~*~*~ (stealth).
  7927 | D:7      | 7927 ||| INVOKING Berserk.
  7938 | D:7      | Killed Pikel
  7939 | D:7      | Reached skill level 6 in Armour
  7946 | D:7      | 7946 ||| Stepping ~*~*~tactically~*~*~ (hiding).
  7947 | D:7      | 7947 ||| Stepping ~*~*~tactically~*~*~ (hiding).
  7955 | D:7      | Reached skill level 3 in Dodging
  7955 | D:7      | HP: 6/75 [steam dragon/ball of steam (14)]
  7956 | D:7      | 7956 ||| READING 6 scrolls of teleportation.
  7957 | D:7      | 7957 ||| DRINKING potion of heal wounds.
  8243 | D:7      | 8243 ||| INVOKING Berserk.
  8247 | D:7      | Reached skill level 12 in Axes
  8265 | D:7      | 8265 ||| Stepping ~*~*~tactically~*~*~ (stealth).
  8270 | D:7      | 8270 ||| Stepping ~*~*~tactically~*~*~ (stealth).
  8271 | D:7      | 8271 ||| Stepping ~*~*~tactically~*~*~ (stealth).
  8272 | D:7      | 8272 ||| Stepping ~*~*~tactically~*~*~ (stealth).
  8275 | D:7      | 8275 ||| Stepping ~*~*~tactically~*~*~ (stealth).
  8280 | D:7      | 8280 ||| Stepping ~*~*~tactically~*~*~ (stealth).
  8281 | D:7      | 8281 ||| Stepping ~*~*~tactically~*~*~ (stealth).
  8288 | D:7      | 8288 ||| Stepping ~*~*~tactically~*~*~ (stealth).
  8293 | D:7      | 8293 ||| Stepping ~*~*~tactically~*~*~ (stealth).
  8294 | D:7      | 8294 ||| Stepping ~*~*~tactically~*~*~ (stealth).
  8385 | D:7      | Found a staircase to the Ecumenical Temple.
  8625 | D:7      | Found a bloodstained altar of Trog.
  8632 | D:7      | Found a shimmering altar of Xom.
  8635 | D:7      | Found a sacrificial altar of Ru.
  8635 | D:7      | Found a white marble altar of Elyvilon.
  8642 | D:7      | Found a stormy altar of Qazlal.
  8674 | D:7      | 8674 ||| UPGRADING to +0 plate armour of poison resistance.
  8684 | D:7      | 8684 ||| DROPPING +0 plate armour.
  8685 | D:7      | 8685 ||| READING scroll labelled XIPTAT QOLA.
  8686 | D:7      | 8686 ||| READING scroll labelled FENIDIUTHRO.
  8794 | D:8      | Found a staircase to the Lair.
  8802 | D:8      | Noticed Joseph
  8814 | D:8      | Killed Joseph
  8815 | D:8      | Reached XP level 10. HP: 55/86 MP: 9/9
  8950 | D:8      | Noticed a brown ugly thing
  8989 | D:8      | 8989 ||| INVOKING Berserk.
  9119 | D:8      | Reached skill level 9 in Shields
  9202 | D:8      | 9202 ||| Stepping ~*~*~tactically~*~*~ (hiding).
  9203 | D:8      | 9203 ||| Stepping ~*~*~tactically~*~*~ (hiding).
  9206 | D:8      | 9206 ||| INVOKING Berserk.
  9317 | D:8      | Noticed qw's ghost (novice GrFi)
  9345 | D:8      | Found a glowing silver altar of Zin.
  9364 | D:8      | Found a transporter.
  9370 | D:8      | Found a one-way gate to the infinite horrors of the Abyss.
  9388 | D:8      | 9388 ||| Stepping ~*~*~tactically~*~*~ (stealth).
  9391 | D:8      | 9391 ||| Stepping ~*~*~tactically~*~*~ (stealth).
  9395 | D:8      | 9395 ||| FLEEEEING.
  9396 | D:8      | 9396 ||| FLEEEEING.
  9397 | D:8      | 9397 ||| FLEEEEING.
  9398 | D:8      | 9398 ||| FLEEEEING.
  9399 | D:8      | 9399 ||| FLEEEEING.
  9400 | D:8      | 9400 ||| FLEEEEING.
  9401 | D:8      | 9401 ||| FLEEEEING.
  9402 | D:8      | 9402 ||| FLEEEEING.
  9403 | D:8      | 9403 ||| FLEEEEING.
  9404 | D:8      | 9404 ||| FLEEEEING.
  9405 | D:8      | 9405 ||| FLEEEEING.
  9406 | D:8      | 9406 ||| FLEEEEING.
  9407 | D:8      | 9407 ||| FLEEEEING.
  9408 | D:8      | 9408 ||| FLEEEEING.
  9409 | D:8      | 9409 ||| FLEEEEING.
  9410 | D:8      | 9410 ||| FLEEEEING.
  9411 | D:8      | 9411 ||| FLEEEEING.
  9412 | D:8      | 9412 ||| FLEEEEING.
  9413 | D:8      | 9413 ||| FLEEEEING.
  9425 | D:8      | 9425 ||| INVOKING Berserk.
  9427 | D:8      | Reached skill level 13 in Axes
  9650 | D:8      | Noticed Psyche
  9651 | D:8      | 9651 ||| Stepping ~*~*~tactically~*~*~ (stealth).
  9654 | D:8      | 9654 ||| INVOKING Berserk.
  9659 | D:8      | Killed Psyche
  9834 | D:8      | Found a transporter.
  9885 | D:8      | 9885 ||| PLANNING LAIR
  9885 | D:8      | 9885 ||| DROPPING +3 chain mail.
  9886 | D:8      | 9886 ||| UPGRADING to amulet of guardian spirit.
  9891 | D:8      | 9891 ||| READING scroll labelled AHAREE MARI.
  9935 | Lair:1   | Entered Level 1 of the Lair of Beasts
  9936 | Lair:1   | Noticed a cane toad
  9940 | Lair:1   | 9940 ||| INVOKING Berserk.
  9943 | Lair:1   | Killed a cane toad
 10041 | Lair:1   | Noticed a black mamba
 10044 | Lair:1   | 10044 ||| INVOKING Berserk.
 10049 | Lair:1   | Killed a black mamba
 10050 | Lair:1   | Reached skill level 14 in Axes
 10172 | Lair:1   | 10172 ||| Stepping ~*~*~tactically~*~*~ (hiding).
 10278 | Lair:1   | Noticed a black mamba
 10280 | Lair:1   | 10280 ||| INVOKING Berserk.
 10282 | Lair:1   | Killed a black mamba
 10430 | Lair:1   | Noticed a cane toad
 10433 | Lair:1   | 10433 ||| INVOKING Berserk.
 10436 | Lair:1   | Killed a cane toad
 10437 | Lair:1   | Reached XP level 11. HP: 94/94 MP: 10/10
 10577 | Lair:1   | 10577 ||| DRINKING 2 potions of cancellation.
 10581 | Lair:1   | 10581 ||| DRINKING potion of cancellation.
 10731 | Lair:1   | 10731 ||| INVOKING Berserk.
 10852 | Lair:1   | Noticed an eight-headed hydra
 10858 | Lair:1   | 10858 ||| SWAPPING to +0 flail.
 10859 | Lair:1   | 10859 ||| Stepping ~*~*~tactically~*~*~ (outnumbered).
 10860 | Lair:1   | 10860 ||| Stepping ~*~*~tactically~*~*~ (outnumbered).
 10862 | Lair:1   | 10862 ||| INVOKING Berserk.
 10866 | Lair:1   | Killed an eight-headed hydra
 10867 | Lair:1   | Reached skill level 15 in Axes
 10893 | Lair:1   | 10893 ||| SWAPPING to +0 war axe.
 11165 | Lair:1   | 11165 ||| Stepping ~*~*~tactically~*~*~ (stealth).
 11166 | Lair:1   | 11166 ||| INVOKING Berserk.
 11172 | Lair:1   | Reached skill level 9 in Fighting
 11521 | Lair:1   | 11521 ||| READING scroll labelled CUUMNIESME.
 11522 | Lair:1   | 11522 ||| READING scroll labelled TEZXUS CUWKEKKAVE.
 11525 | Lair:1   | 11525 ||| Stepping ~*~*~tactically~*~*~ (stealth).
 11531 | Lair:1   | 11531 ||| Stepping ~*~*~tactically~*~*~ (stealth).
 11532 | Lair:1   | 11532 ||| Stepping ~*~*~tactically~*~*~ (stealth).
 11543 | Lair:1   | Reached **** piety under Trog
 11790 | Lair:2   | Noticed a death yak
 11791 | Lair:2   | 11791 ||| Stepping ~*~*~tactically~*~*~ (stealth).
 11793 | Lair:2   | Noticed a death yak
 11793 | Lair:2   | Noticed a death yak
 11794 | Lair:2   | 11794 ||| Stepping ~*~*~tactically~*~*~ (stealth).
 11795 | Lair:2   | Noticed a death yak
 11796 | Lair:2   | 11796 ||| Stepping ~*~*~tactically~*~*~ (stealth).
 11797 | Lair:2   | Noticed a death yak
 11798 | Lair:2   | 11798 ||| Stepping ~*~*~tactically~*~*~ (stealth).
 11799 | Lair:2   | 11799 ||| INVOKING Berserk.
 11808 | Lair:2   | Killed a death yak
 11809 | Lair:2   | Reached skill level 16 in Axes
 11811 | Lair:2   | Noticed a death yak
 11812 | Lair:2   | Killed a death yak
 11818 | Lair:2   | Killed a death yak
 11822 | Lair:2   | HP: 16/97 [death yak (16)]
 11823 | Lair:2   | 11823 ||| READING 6 scrolls of teleportation.
 11824 | Lair:2   | 11824 ||| DRINKING 2 potions of heal wounds.
 11825 | Lair:2   | Killed a death yak
 12071 | Lair:2   | 12071 ||| INVOKING Berserk.
 12279 | Lair:2   | Reached XP level 12. HP: 71/106 MP: 7/11
 12731 | Lair:2   | 12731 ||| INVOKING Berserk.
 12735 | Lair:2   | Killed a death yak
 12736 | Lair:2   | Reached skill level 9 in Armour
 12740 | Lair:2   | Killed a death yak
 12978 | Lair:2   | 12978 ||| INVOKING Berserk.
 13050 | Lair:2   | Noticed Maggie
 13067 | Lair:2   | Killed Maggie
 13380 | Lair:2   | 13380 ||| Stepping ~*~*~tactically~*~*~ (hiding).
 13381 | Lair:2   | 13381 ||| Stepping ~*~*~tactically~*~*~ (hiding).
 13515 | Lair:2   | 13515 ||| READING scroll labelled WURPHY QYPS.
 13745 | Lair:3   | 13745 ||| INVOKING Berserk.
 13787 | Lair:3   | 13787 ||| Stepping ~*~*~tactically~*~*~ (stealth).
 13789 | Lair:3   | 13789 ||| Stepping ~*~*~tactically~*~*~ (stealth).
 13791 | Lair:3   | 13791 ||| Stepping ~*~*~tactically~*~*~ (stealth).
 13894 | Lair:3   | 13894 ||| Stepping ~*~*~tactically~*~*~ (stealth).
 13895 | Lair:3   | 13895 ||| Stepping ~*~*~tactically~*~*~ (stealth).
 13900 | Lair:3   | 13900 ||| Stepping ~*~*~tactically~*~*~ (stealth).
 13902 | Lair:3   | 13902 ||| INVOKING Berserk.
 14034 | Lair:3   | Found a staircase to the Snake Pit.
 14045 | Lair:3   | Reached skill level 12 in Shields
 14223 | Lair:3   | 14223 ||| Stepping ~*~*~tactically~*~*~ (stealth).
 14229 | Lair:3   | 14229 ||| INVOKING Berserk.
 14241 | Lair:3   | Reached skill level 6 in Dodging
 14328 | Lair:3   | Found a staircase to the Swamp.
 14329 | Lair:3   | 14329 ||| Stepping ~*~*~tactically~*~*~ (stealth).
 14331 | Lair:3   | 14331 ||| FLEEEEING.
 14406 | Lair:3   | 14406 ||| FLEEEEING.
 14407 | Lair:3   | 14407 ||| FLEEEEING.
 14521 | Lair:3   | 14521 ||| FLEEEEING.
 14624 | Lair:3   | 14624 ||| FLEEEEING.
 14625 | Lair:3   | 14625 ||| FLEEEEING.
 14844 | Lair:3   | Noticed a five-headed hydra
 14845 | Lair:3   | 14845 ||| Stepping ~*~*~tactically~*~*~ (stealth).
 14846 | Lair:3   | 14846 ||| INVOKING Brothers in Arms.
 14847 | Lair:3   | 14847 ||| INVOKING Brothers in Arms.
 14848 | Lair:3   | 14848 ||| INVOKING Brothers in Arms.
 14849 | Lair:3   | 14849 ||| INVOKING Brothers in Arms.
 14850 | Lair:3   | 14850 ||| INVOKING Brothers in Arms.
 14851 | Lair:3   | 14851 ||| INVOKING Brothers in Arms.
 14852 | Lair:3   | 14852 ||| INVOKING Brothers in Arms.
 14853 | Lair:3   | 14853 ||| INVOKING Brothers in Arms.
 14854 | Lair:3   | 14854 ||| SWAPPING to +0 flail.
 14855 | Lair:3   | 14855 ||| INVOKING Berserk.
 14857 | Lair:3   | Killed a five-headed hydra
 14861 | Lair:3   | Reached skill level 12 in Fighting
 14866 | Lair:3   | Noticed a death yak
 14870 | Lair:3   | 14870 ||| SWAPPING to +0 war axe.
 14872 | Lair:3   | Noticed a death yak
 14875 | Lair:3   | Killed a death yak
 14875 | Lair:3   | Noticed a death yak
 14880 | Lair:3   | HP: 16/112 [death yak (18)]
 14881 | Lair:3   | 14881 ||| READING 6 scrolls of teleportation.
 14882 | Lair:3   | 14882 ||| DRINKING potion of heal wounds.
 15385 | Lair:3   | 15385 ||| INVOKING Berserk.
 15391 | Lair:3   | Killed a death yak
 15396 | Lair:3   | Killed a death yak
 15576 | Lair:3   | 15576 ||| Stepping ~*~*~tactically~*~*~ (stealth).
 15782 | Lair:3   | 15782 ||| READING 3 scrolls of identify.
 15782 | Lair:3   | 15782 ||| IDENTIFYING green potion
 15783 | Lair:3   | 15783 ||| DRINKING potion of experience.
 15783 | Lair:3   | Reached XP level 13. HP: 118/118 MP: 12/12
 15784 | Lair:3   | 15784 ||| READING 2 scrolls of identify.
 15784 | Lair:3   | 15784 ||| IDENTIFYING smoky emerald potion
 15785 | Lair:3   | 15785 ||| DROPPING potion of berserk rage.
 15807 | Lair:4   | 15807 ||| STAIRDANCE
 15842 | Lair:4   | 15842 ||| STAIRDANCE
 15979 | Lair:4   | 15979 ||| INVOKING Berserk.
 16476 | Lair:4   | 16476 ||| Stepping ~*~*~tactically~*~*~ (stealth).
 16481 | Lair:4   | 16481 ||| Stepping ~*~*~tactically~*~*~ (stealth).
 16490 | Lair:4   | Reached XP level 14. HP: 103/127 MP: 10/13
 16491 | Lair:4   | 16491 ||| FLEEEEING.
 16492 | Lair:4   | 16492 ||| FLEEEEING.
 16493 | Lair:4   | 16493 ||| FLEEEEING.
 16494 | Lair:4   | 16494 ||| FLEEEEING.
 16495 | Lair:4   | 16495 ||| FLEEEEING.
 16496 | Lair:4   | 16496 ||| FLEEEEING.
 16497 | Lair:4   | 16497 ||| FLEEEEING.
 16498 | Lair:4   | 16498 ||| FLEEEEING.
 16499 | Lair:4   | 16499 ||| FLEEEEING.
 16500 | Lair:4   | 16500 ||| FLEEEEING.
 16501 | Lair:4   | 16501 ||| FLEEEEING.
 16502 | Lair:4   | 16502 ||| FLEEEEING.
 16503 | Lair:4   | 16503 ||| FLEEEEING.
 16504 | Lair:4   | 16504 ||| FLEEEEING.
 16505 | Lair:4   | 16505 ||| FLEEEEING.
 16506 | Lair:4   | 16506 ||| FLEEEEING.
 16507 | Lair:4   | 16507 ||| FLEEEEING.
 16508 | Lair:4   | 16508 ||| FLEEEEING.
 16509 | Lair:4   | 16509 ||| FLEEEEING.
 16510 | Lair:4   | 16510 ||| STAIRDANCE
 16566 | Lair:3   | 16566 ||| READING scroll labelled XUREMM DYHOKA.
 16567 | Lair:3   | 16567 ||| DRINKING 2 smoky orange potions.
 16651 | Lair:4   | 16651 ||| Stepping ~*~*~tactically~*~*~ (stealth).
 16669 | Lair:4   | 16669 ||| SWAPPING to +0 war axe of draining.
 16670 | Lair:4   | 16670 ||| DROPPING +0 war axe.
 16852 | Lair:5   | Entered Level 5 of the Lair of Beasts
 16904 | Lair:5   | 16904 ||| Stepping ~*~*~tactically~*~*~ (stealth).
 16908 | Lair:5   | 16908 ||| INVOKING Brothers in Arms.
 16909 | Lair:5   | 16909 ||| INVOKING Brothers in Arms.
 16911 | Lair:5   | 16911 ||| SWAPPING to +0 flail.
 16912 | Lair:5   | 16912 ||| Stepping ~*~*~tactically~*~*~ (outnumbered).
 16913 | Lair:5   | 16913 ||| SWAPPING to +0 war axe of draining.
 16915 | Lair:5   | 16915 ||| SWAPPING to +0 flail.
 16916 | Lair:5   | 16916 ||| INVOKING Berserk.
 16932 | Lair:5   | 16932 ||| SWAPPING to +0 war axe of draining.
 16938 | Lair:5   | 16938 ||| Stepping ~*~*~tactically~*~*~ (water).
 16938 | Lair:5   | HP: 30/129 [blink frog (8)]
 16939 | Lair:5   | 16939 ||| READING 5 scrolls of teleportation.
 16941 | Lair:5   | HP: 14/129 [blink frog (4)]
 16949 | Lair:5   | 16949 ||| READING 4 scrolls of teleportation.
 16952 | Lair:5   | HP: 9/129 [vampire mosquito (2)]
 16957 | Lair:5   | 16957 ||| READING 3 scrolls of teleportation.
 16958 | Lair:5   | 16958 ||| INVOKING Berserk.
 16959 | Lair:5   | HP: 13/193 [death yak (3)]
 16961 | Lair:5   | HP: 2/193 [death yak (12)]
 16962 | Lair:5   | Found a staircase to the Slime Pits.
 16962 | Lair:5   | Found a viscous altar of Jiyva.
 16971 | Lair:5   | Mangled by a komodo dragon

Levels and vault maps discovered:
D:1:      minmay_arrival_loop, layout_basic,
          shapermc_ecumenical_altar_rom_forum, st_stairs_9
D:2:      layout_basic, basic_altar
D:3:      layout_loops_ring, mainiacjoe_overflow_concentric_impassable,
          uniq_crazy_yiuf_cottage, uniq_jessica, uniq_terence
D:4:      layout_basic, okawaru_trees_2, fiery_altar_vehumet,
          ebering_ghost_inner_flame, enter_ossuary_1
D:5:      layout_loops_ring, nicolae_dithmenos_through_a_glass_darkly,
          uniq_duvessa, uniq_sigmund
D:6:      minmay_flawed_box, layout_loops_ring
D:7:      layout_cave_pools, nicolae_overflow_hallway_of_the_gods,
          mainiacjoe_overflow_cross_hatched, minmay_temple_entry_butterflies,
          uniq_pikel
D:8:      layout_rooms, zin_treasury, lair_entry_dummy,
          gammafunk_ghost_abyssal_escape, minmay_misc_feat_chi,
          kennysheep_generic_room_15, uniq_joseph, uniq_psyche
Lair:1:   layout_cave_shapes, grunt_megastairs_5
Lair:2:   layout_layer_cave, enter_volcano_1, portal_ice_cave_entry_pillars_1,
          uniq_maggie
Lair:3:   layout_roguey, minmay_swamp_entry_swarm,
          minmay_snake_entry_guardpost_small, lemuel_fruit_fields,
          serial_bayou_shore_a
Lair:4:   layout_roguey
Lair:5:   minmay_lair_end_frog_pond, layout_loops_ring, slime_entry_1,
          lookout_lair_type

Skill      XL: |  1  2  3  4  5  6  7  8  9 10 11 12 13 14 |
---------------+-------------------------------------------+-----
Axes           | 4 5 6 7 8 10 12 14 16 | 16.0
Throwing       | 1 2 |  2.9
Shields        | 1 4 5 6 7 8 10 11 14 | 14.8
Fighting       | 4 6 7 8 10 12 13 | 13.3
Armour         | 3 6 8 10 11 | 11.2
Dodging        | 3 4 6 7 |  7.1

Action                   |  1- 3 |  4- 6 |  7- 9 | 10-12 | 13-15 || total
-------------------------+-------+-------+-------+-------+-------++-------
Melee: War axe           |    53 |    96 |   169 |   367 |   105 ||   790
       Hand axe          |     3 |       |       |       |       ||     3
       Headbutt          |     7 |    14 |    36 |    85 |    29 ||   171
       Punch             |     1 |     1 |       |       |       ||     2
       Flail             |       |       |       |    32 |    12 ||    44
Throw: Boomerang         |    13 |    27 |    18 |    58 |       ||   116
       Javelin           |     1 |    25 |     8 |    13 |       ||    47
Invok: Berserk           |     3 |     4 |     8 |    20 |     3 ||    38
       Brothers in Arms  |       |       |       |     1 |     1 ||     2
  Use: Scroll            |     6 |     3 |     8 |     7 |     5 ||    29
       Potion            |     3 |     4 |     3 |     5 |     1 ||    16
 Stab: Distracted        |       |       |     1 |       |       ||     1
Armor: Leather armour    |    10 |       |       |       |       ||    10
       Chain mail        |       |    41 |    40 |       |       ||    81
       Plate armour      |       |       |    33 |   131 |    50 ||   214
Dodge: Dodged            |    38 |    22 |    44 |   104 |    40 ||   248
Block: Kite shield       |       |    19 |    85 |   164 |    70 ||   338

Table legend:
 A = Non-vault XP
 B = Vault XP
 C = Vault XP percentage of total XP
 D = Non-vault monster count
 E = Vault monster count
 F = Vault count percentage of total count
                 A         B        C        D         E       F
            +---------+---------+-------+---------+---------+-------
      Total |   36021 |   10952 |  23.3 |     237 |      70 |  22.8
            +---------+---------+-------+---------+---------+-------
        D:1 |      21 |       3 |  12.5 |      13 |       2 |  13.3
        D:2 |      38 |       0 |   0.0 |      17 |       0 |   0.0
        D:3 |      41 |      69 |  62.7 |      11 |       2 |  15.4
        D:4 |     351 |       0 |   0.0 |      21 |       0 |   0.0
        D:5 |     548 |     435 |  44.3 |       8 |       3 |  27.3
        D:6 |    1180 |     320 |  21.3 |      25 |       9 |  26.5
        D:7 |    1440 |     651 |  31.1 |      24 |       1 |   4.0
        D:8 |    2029 |     860 |  29.8 |      15 |       3 |  16.7
     Lair:1 |    5583 |    2398 |  30.0 |      23 |       9 |  28.1
     Lair:2 |   10018 |     398 |   3.8 |      30 |       1 |   3.2
     Lair:3 |    8013 |    1365 |  14.6 |      27 |       8 |  22.9
     Lair:4 |    4190 |       0 |   0.0 |      17 |       0 |   0.0
     Lair:5 |    2569 |    4298 |  62.6 |       6 |      16 |  72.7
    Ossuary |       0 |     155 | 100.0 |       0 |      16 | 100.0
            +---------+---------+-------+---------+---------+-------
